 Dungeon Crawl Stone Soup version 0.31.0-12-g77e489cdc1 (webtiles) character file.

Game seed: 11142184542902431272

68 Gadfly the Covered (level 4, -1/34 (37) HPs)
             Began as an Armataur Fighter on Feb 28, 2024.
             Was an Initiate of Zin.
             Slain by a kobold brigand
             ... wielding a +0 whip
              (4 damage)
             ... in a sewer.
             The game lasted 00:03:34 (1025 turns).

Gadfly the Covered (Armataur Fighter)               Turns: 1025, Time: 00:03:35

HP:   -1/34 (37)    AC:  8    Str: 21    XL:     4   Next: 1%
MP:   5/5           EV:  7    Int:  8    God:    Zin [......]
Gold: 68            SH:  4    Dex: 12    Spells: 3/3 levels left

rFire   . . .        j - +0 flail
rCold   . . .        c - +0 buckler
rNeg    . . .        b - +0 scale mail
rPois   .            (no helmet)
rElec   .            (no cloak)
rCorr   .            k - +0 pair of gloves
SInv    .            (no barding)
Will    +....        (no amulet) Stlth
                     e - ring of willpower
HPRegen 0.25/turn    (no ring)
MPRegen 0.09/turn

%: roll
@: drained
A: large, deformed body, tough skin 3, armoured tail, roll 1
a: Renounce Religion, Donate Gold


You were in a sewer.
You worshipped Zin.
Zin was noncommittal.
You visited 1 branch of the dungeon, and saw 3 of its levels.
You also visited: Sewer.

You collected 75 gold pieces.
You donated 7 gold pieces to Zin.

Inventory:

Hand Weapons
 a - a +2 flail of draining
 j - a +0 flail (weapon)
Armour
 b - a +0 scale mail (worn)
 c - a +0 buckler (worn)
 k - a +0 pair of gloves (worn)
Jewellery
 e - a ring of willpower (left hand)
Potions
 d - a potion of might
 f - 2 potions of curing
 g - a potion of brilliance {unknown}
 h - a potion of berserk rage {unknown}
 i - a potion of attraction {unknown}


   Skills:
 + Level 2.9 Fighting
 * Level 2.3 Maces & Flails
 + Level 3.9 Armour
 + Level 3.6 Shields
 * Level 1.5 Invocations
 * Level 1.4 Evocations


You had 3 spell levels left.
You didn't know any spells.
Your spell library was empty.

Dungeon Overview and Level Annotations

Branches:
Dungeon (3/15)              Sewer (1/1)

Altars:
Xom
Zin


Innate Abilities, Weirdness & Mutations

Armour fits poorly on your strangely shaped body.
You have extremely tough skin. (AC +3)
You have a long armoured tail.
You regenerate magic when rolling toward enemies. (Rampage MPRegen)


Message History

You hit the jackal.
You kill the jackal!
The kobold brigand throws a poisoned dart.
The poisoned dart hits you!
You are lethally poisoned!
You sock the kobold!
You kill the kobold!
You hear a splash.
* * * LOW HITPOINT WARNING * * *
You feel very sick.
The kobold brigand throws a poisoned dart.
The poisoned dart hits you!
You are more poisoned.
You have reached level 4!
You feel agile.
It was a potion of curing.
You feel better.
You hit the kobold brigand but do no damage.
You tail-slap the kobold brigand.
The kobold brigand is lightly wounded.
The kobold brigand splashes around in the water.
You hit the kobold brigand but do no damage.
The kobold brigand is lightly wounded.
The kobold brigand hits you with a +0 whip.
* * * LOW HITPOINT WARNING * * *
You barely miss the kobold brigand.
The kobold brigand is lightly wounded.
You block the kobold brigand's attack.
You sock the kobold brigand!
The kobold brigand is heavily wounded.
The kobold brigand closely misses you.
The kobold brigand hits you with a +0 whip.
* * * LOW HITPOINT WARNING * * *
You closely miss the kobold brigand.
The kobold brigand is heavily wounded.
The kobold brigand hits you with a +0 whip.
* * * LOW HITPOINT WARNING * * *
You barely miss the kobold brigand. You tail-slap the kobold brigand!
The kobold brigand is severely wounded.
The kobold brigand hits you with a +0 whip.
You die...

#~# #~# #~# #~# #~#
#~# #~# #~# #@#
#########K##
#.~~.)~..~~######
#~.~~~~~~~~..~...
#~~≈≈≈~~~~~~~≈~~~
....~≈≈≈≈≈≈≈≈≈≈≈≈≈≈
..#~~≈≈≈~~~~~~~~~~~
. #.~~~~~....~.....
#...~~..~~.###.##


You could see a kobold brigand.

Vanquished Creatures
  An adder (D:3)
  A river rat (Sewer)
  A dart slug (D:1)
  7 orcs
  7 ball pythons
  5 bats
  An endoplasm (D:3)
  A giant cockroach (D:1)
  A goblin (D:1)
  A hobgoblin (D:1)
  A jackal (Sewer)
  5 kobolds
  A quokka (D:1)
  3 frilled lizards
  5 rats
41 creatures vanquished.

Vanquished Creatures (others)
  An angel (D:3)
1 creature vanquished.

Grand Total: 42 creatures vanquished

Notes
Turn   | Place    | Note
-------+----------+-------------------------------------------
     0 | D:1      | Gadfly the Armataur Fighter began the quest for the Orb.
     0 | D:1      | Reached XP level 1. HP: 18/18 MP: 1/1
   194 | D:1      | Reached XP level 2. HP: 19/25 MP: 2/2
   519 | D:1      | Reached skill level 1 in Invocations
   525 | D:1      | Reached skill level 1 in Evocations
   687 | D:2      | Reached XP level 3. HP: 30/30 MP: 3/3
   720 | D:2      | You fall into a shaft and drop 1 floor!
   768 | D:3      | Found a shimmering altar of Xom.
   772 | D:3      | Noticed an angel
   774 | D:3      | Found a glowing silver altar of Zin.
   791 | D:3      | Became a worshipper of Zin the Law-Giver
   874 | D:3      | Killed an angel
   887 | D:3      | Found a glowing drain.
   907 | Sewer    | Entered a sewer
   998 | Sewer    | Noticed a kobold brigand
  1019 | Sewer    | Reached XP level 4. HP: 5/34 MP: 5/5
  1025 | Sewer    | Slain by a kobold brigand

Illustrated notes

Levels and vault maps discovered:
D:1:      spicycebolla_arrival_xxxplode, layout_basic
D:2:      layout_basic, nicolae_concentric_dashed_squares_mild, uniq_jessica
D:3:      layout_loops_ring, grunt_temple_overflow_order_and_chaos_1,
          dreamdust_ecumenical_altar_drowned_temple, portal_sewer_entry_d
Sewer:    sewer_kobolds

Skill      XL: |  1  2 |
---------------+-------+-----
Maces & Flails | 2 |  2.3
Invocations    | 1 |  1.5
Evocations     | 1 |  1.4
Fighting       | |  2.9
Armour         | |  3.9
Shields        | |  3.6

Action                     |  1- 3 |  4- 6 || total
---------------------------+-------+-------++-------
  Melee: Flail             |   122 |     6 ||   128
         Tailslap          |     7 |     2 ||     9
    Use: Scroll            |     1 |       ||     1
         Potion            |       |     1 ||     1
 Armour: Scale mail        |    96 |     4 ||   100
  Dodge: Dodged            |    46 |     1 ||    47
  Block: Buckler           |    41 |     1 ||    42
